Map: Arctic Dream LE

Players

qqq

  • Race: Zerg Zerg
  • League: Platinum
  • Spawn Location: 12:00

Massa

  • Race: Terran Terran
  • League: Gold
  • Spawn Location: 11:00

Serious

  • Race: Zerg Zerg
  • Spawn Location: 5:00

ZoinX

  • Race: Protoss Protoss
  • Spawn Location: 6:00

VOD

Have the link to the VOD?

Description

Time

  • Played on: July 26, 2020, 8:06 a.m.
  • Length: 18:27
Show
View Real Time Build Order
Export as new Build Order

qqq Zerg 

Build Orders: Hatch First 

Get SALT Encoding   

  12  0:03  Drone  
  13  0:13  Drone  
  14  0:38  Hatchery  
  13  0:43  Drone  
  14  1:02  Spawning Pool, Overlord  
  13  1:05  Drone  
  13  1:09  Extractor  
  13  1:11  Drone  
  14  1:21  Drone  
  15  1:27  Drone  
  16  1:35  Drone  
  17  1:50  Drone  
  17  1:53  Queen  
  20  1:54  Zergling x2  
  20  1:58  Drone  
  22  2:06  Drone  
  23  2:14  Drone  
  24  2:20  Drone  
  25  2:23  Queen  
  25  2:24  Drone  
  25  2:29  Overlord  
  28  2:35  Metabolic Boost  
  28  2:42  Overlord  
  28  2:50  Drone x2  
  30  2:52  Zergling x2  
  31  2:58  Drone  
  31  3:03  Drone, Baneling Nest  
  31  3:04  Zergling x2  
  33  3:07  Zergling x2  
  33  3:09  Zergling x2  
  35  3:14  Drone  
  35  3:19  Zergling x2  
  37  3:21  Drone  
  37  3:23  Drone  
  37  3:26  Zergling x2  
  40  3:35  Zergling x2  
  41  3:45  Drone x2  
  41  3:46  Zergling x2  
  44  3:52  Overlord x3  
  44  3:53  Overlord  
  43  3:58  Baneling x4  
  35  4:17  Drone  
  35  4:18  Drone  
  35  4:19  Zergling x4  
  35  4:22  Drone x3  
  35  4:23  Queen  
  44  4:24  Roach Warren  
  44  4:29  Zergling x2  
  44  4:36  Zergling x8  
  48  4:42  Zergling x2  
  49  5:01  Baneling x2  
  49  5:02  Baneling  
  49  5:03  Hatchery, Baneling x2  
  49  5:05  Zergling x4  
  49  5:06  Zergling x4  
  52  5:11  Zergling x2  
  52  5:13  Roach x3  
  59  5:24  Zergling x2  
  59  5:25  Roach  
  55  5:35  Zergling x2  
  55  5:37  Roach x2  
  54  5:55  Roach x3  
  59  5:59  Drone x3  
  62  6:11  Lair  
  62  6:27  Roach x3  
  62  6:30  Drone x3  
  62  6:31  Drone  
  72  6:34  Extractor  
  72  6:36  Drone  
  72  6:41  Roach  
  72  6:42  Zergling x6  
  72  6:43  Hatchery  
  72  6:45  Drone  
  72  6:46  Drone  
  78  6:57  Hatchery x2  
  76  7:05  Drone x6  
  76  7:06  Overlord x2  
  75  7:28  Roach x3  
  75  7:29  Roach x2  
  78  7:32  Spore Crawler  
  75  7:39  Drone  
  75  7:40  Extractor  
  75  7:45  Extractor  
  75  7:49  Drone  
  75  7:50  Drone x5  
  80  7:55  Drone  
  80  7:57  Roach x2  
  85  8:00  Glial Reconstitution  
  85  8:06  Drone  
  86  8:16  Hydralisk Den  
  86  8:19  Drone x3, Evolution Chamber  
  89  8:20  Drone x3  
  89  8:21  Roach x4  
  89  8:22  Zergling x6  
  89  8:23  Zergling x2, Evolution Chamber  
  89  8:25  Drone x3  
  104  8:32  Overlord  
  104  8:33  Drone x2  
  104  8:34  Drone x2  
  108  8:35  Spore Crawler  
  108  8:36  Spine Crawler  
  108  8:38  Spine Crawler  
  108  8:39  Spore Crawler  
  104  8:41  Spine Crawler  
  104  8:42  Spore Crawler  
  104  8:46  Spine Crawler  
  104  8:48  Spore Crawler  
  100  8:50  Hydralisk  
  100  8:53  Hydralisk  
  104  8:59  Zerg Missile Weapons Level 1  
  104  9:00  Grooved Spines  
  104  9:04  Drone x3  
  104  9:06  Drone  
  104  9:08  Hydralisk  
  110  9:10  Zergling x2  
  111  9:29  Hydralisk x2  
  111  9:30  Zergling x2  
  111  9:31  Overlord x3  
  94  10:02  Hydralisk x3, Overlord x2  
  94  10:03  Hydralisk x2  
  94  10:04  Hydralisk x6  
  94  10:06  Drone x3  
  94  10:07  Drone x2  
  121  10:11  Muscular Augments  
  109  10:25  Hydralisk x4  
  109  10:26  Drone  
  109  10:27  Drone x6  
  120  10:33  Extractor  
  119  10:36  Zerg Ground Armor Level 1  
  119  10:37  Drone  
  119  10:38  Drone x3  
  107  10:47  Spine Crawler  
  104  10:50  Zergling x2  
  104  10:52  Roach x5  
  104  10:53  Roach x2  
  104  10:54  Drone  
  120  11:02  Roach x2  
  120  11:03  Drone x4  
  128  11:07  Spine Crawler  
  128  11:10  Drone x2  
  128  11:11  Drone  
  130  11:12  Roach x2  
  130  11:18  Zergling x2  
  135  11:19  Drone  
  135  11:20  Overlord  
  136  11:29  Spore Crawler  
  135  11:39  Lurker Den  
  134  11:41  Hydralisk x2, Spore Crawler  
  134  11:43  Zerg Missile Weapons Level 2  
  134  11:45  Hydralisk  
  134  11:46  Hydralisk  
  141  11:47  Drone x5  
  141  11:48  Drone x4, Spine Crawler  
  141  11:49  Drone x3  
  141  11:52  Extractor  
  137  12:25  Hydralisk  
  137  12:26  Hydralisk x4  
  133  12:30  Zerg Melee Weapons Level 1  
  133  12:36  Hydralisk x3  
  133  12:37  Hydralisk x2  
  133  12:38  Hydralisk x4  
  133  12:40  Drone x3  
  133  12:41  Drone x3  
  155  12:45  Spore Crawler x2  
  155  12:49  Spore Crawler  
  148  12:52  Hydralisk x2, Spore Crawler  
  133  13:11  Hydralisk x4  
  133  13:12  Hydralisk x4  
  139  13:14  Zergling x8  
  139  13:15  Zergling x6  
  139  13:17  Extractor  
  141  13:21  Extractor  
  140  13:33  Hydralisk  
  140  13:34  Hydralisk x3  
  140  13:35  Hydralisk x3  
  140  13:36  Hatchery  
  140  13:37  Drone x5, Hatchery  
  140  13:41  Hydralisk  
  155  13:51  Hydralisk  
  155  13:52  Hydralisk x3  
  155  13:55  Zergling x2  
  110  14:19  Hydralisk x2  
  110  14:20  Spine Crawler x2, Hydralisk x6  
  110  14:23  Lurker  
  124  14:25  Zergling x2  
  124  14:27  Roach x3  
  124  14:28  Roach  
  126  14:35  Lurker  
  127  14:41  Hydralisk x2  
  108  14:59  Hydralisk  
  100  15:00  Hydralisk x5  
  100  15:03  Hydralisk  
  99  15:27  Hydralisk x7  
  99  15:28  Hydralisk  
  115  15:29  Zergling x6  
  115  15:30  Zergling x8  
  95  15:54  Hydralisk x6  
  95  15:55  Hydralisk x2  
  95  15:56  Zergling x4  
  113  16:05  Roach x5  
  113  16:08  Hatchery  
  113  16:10  Hatchery  
  121  16:12  Spore Crawler  
  121  16:13  Spore Crawler  
  121  16:14  Spore Crawler x2  
  121  16:15  Spore Crawler  
  116  16:27  Hydralisk x5  
  116  16:28  Hydralisk  
  121  16:41  Hydralisk x4  
  121  16:43  Zergling x2  
  121  16:44  Zergling x8  
  134  17:08  Hydralisk x4  
  136  17:17  Hatchery  
  125  17:25  Hatchery  
  125  17:26  Hatchery  
  125  17:28  Hydralisk x5  
  125  17:29  Hydralisk x3  
  107  17:30  Roach x2  
  82  17:55  Infestation Pit  
  81  17:59  Hydralisk x6  
  93  18:18  Lurker x2  
  95  18:27  Lurker  
Show
View Real Time Build Order
Export as new Build Order

Massa Terran 

Build Orders:  

Get SALT Encoding   

  12  0:02  SCV  
  14  0:14  SCV  
  14  0:18  Supply Depot  
  14  0:26  SCV  
  15  0:40  SCV  
  15  0:41  Barracks  
  16  0:52  SCV  
  16  0:54  Supply Depot  
  17  1:01  Refinery  
  17  1:04  SCV  
  18  1:16  SCV  
  19  1:28  SCV  
  20  1:40  SCV  
  20  1:45  Reaper  
  22  1:48  Supply Depot  
  22  2:06  SCV  
  23  2:17  Command Center  
  23  2:19  Orbital Command  
  23  2:23  Barracks  
  22  2:31  Reaper  
  23  3:03  Reaper  
  24  3:17  SCV  
  25  3:29  SCV  
  26  3:35  Reaper  
  26  3:41  SCV  
  27  3:48  Orbital Command  
  27  3:53  SCV  
  27  3:59  Marine  
  28  4:02  Factory  
  28  4:05  SCV, Barracks  
  28  4:07  Bunker, Marine  
  30  4:17  Marine  
  31  4:24  Marine  
  31  4:26  SCV x2  
  34  4:38  SCV x2  
  35  4:50  SCV x2  
  35  4:51  Factory Tech Lab  
  37  4:55  Marine x3  
  40  5:01  Command Center  
  40  5:05  SCV x2  
  42  5:09  Refinery  
  42  5:13  Engineering Bay, Marine x3  
  45  5:17  SCV  
  45  5:18  Barracks  
  46  5:24  Supply Depot  
  46  5:46  SCV x2, Marine x3, Siege Tank  
  46  5:47  Supply Depot  
  54  6:03  Marine  
  54  6:09  Marine x2  
  56  6:11  Supply Depot  
  56  6:16  SCV x2  
  56  6:18  Siege Tank  
  61  6:21  Marine  
  62  6:26  Barracks Tech Lab  
  62  6:28  SCV x2  
  65  6:34  Supply Depot  
  65  6:40  SCV x2  
  65  6:41  Barracks Tech Lab  
  65  6:43  Orbital Command  
  66  6:50  Siege Tank  
  66  6:52  SCV  
  66  6:53  SCV  
  71  6:57  Supply Depot  
  70  7:04  SCV  
  70  7:05  SCV  
  72  7:11  Marauder x2  
  72  7:12  Barracks Tech Lab, Marine  
  71  7:30  Marine  
  71  7:32  Marauder  
  71  7:33  Marauder  
  75  7:38  Marauder  
  75  7:42  Widow Mine  
  79  7:48  Marine  
  80  7:54  Marauder x2  
  84  7:59  Marauder  
  84  8:00  Command Center, Supply Depot  
  84  8:04  Widow Mine  
  88  8:06  Marine  
  88  8:08  Starport  
  88  8:10  Command Center  
  88  8:11  SCV x3  
  92  8:15  Marauder x2  
  92  8:18  Refinery  
  96  8:21  Refinery, Marauder  
  96  8:23  SCV x3  
  96  8:24  Marine  
  96  8:25  Widow Mine  
  104  8:35  SCV x3  
  104  8:36  Concussive Shells  
  104  8:37  Marauder  
  109  8:43  Supply Depot  
  109  8:48  Supply Depot  
  109  9:03  Command Center  
  109  9:04  SCV x3, Marine  
  109  9:05  Marauder x2, Supply Depot  
  115  9:10  Marauder, Siege Tank  
  115  9:12  Supply Depot  
  115  9:16  SCV  
  77  9:24  Marine  
  77  9:26  Marauder x2  
  77  9:29  Supply Depot  
  77  9:30  Marine  
  83  9:35  Supply Depot  
  83  9:37  Orbital Command  
  83  9:41  SCV x3  
  83  9:42  Marine, Siege Tank  
  90  9:47  Marauder x2  
  90  9:49  Marauder  
  90  9:52  Supply Depot  
  96  9:53  SCV x3  
  96  9:57  Engineering Bay  
  96  9:58  Supply Depot  
  95  10:00  Marine  
  95  10:03  Medivac  
  95  10:05  SCV x3  
  91  10:09  Marauder x2  
  91  10:10  Marauder, Stimpack  
  97  10:14  Siege Tank  
  97  10:15  Supply Depot  
  97  10:17  SCV x3  
  97  10:18  Marine  
  104  10:22  Supply Depot  
  104  10:24  Armory  
  104  10:29  SCV x3  
  104  10:30  SCV, Barracks x2, Marauder x2  
  104  10:31  Barracks  
  104  10:32  Marauder  
  104  10:33  Viking  
  104  10:34  Orbital Command  
  116  10:35  Marine  
  116  10:37  Planetary Fortress  
  116  10:40  Missile Turret  
  116  10:41  SCV x3  
  116  10:42  SCV  
  121  10:51  Marine  
  121  10:52  Marauder  
  121  10:53  SCV, Marauder  
  121  10:54  SCV  
  128  11:00  Barracks Reactor  
  128  11:01  Missile Turret  
  128  11:04  Viking  
  128  11:09  Marauder  
  128  11:10  SCV x5  
  137  11:12  Armory  
  137  11:13  Marauder  
  137  11:14  Marauder  
  141  11:22  SCV, Missile Turret  
  141  11:23  SCV x4  
  146  11:30  Marine  
  147  11:33  Refinery  
  147  11:34  SCV, Marine, Viking  
  147  11:35  Refinery, SCV x4, Marine  
  147  11:37  Thor  
  162  11:40  Barracks Tech Lab  
  162  11:41  Barracks Reactor, Barracks Tech Lab  
  162  11:44  Combat Shield  
  162  11:46  SCV  
  165  11:47  SCV x3, Missile Turret  
  165  11:48  Marine  
  165  11:52  Marauder  
  165  11:54  Marauder  
  171  12:00  Command Center  
  171  12:06  Marauder  
  171  12:08  Missile Turret  
  173  12:11  Command Center  
  173  12:13  Marine  
  174  12:17  Command Center  
  174  12:25  Marauder  
  174  12:26  Marauder x2, Marine, Missile Turret  
  174  12:27  Marine x3, Missile Turret  
  174  12:28  Marauder, Missile Turret  
  186  12:31  Marauder  
  186  12:34  Refinery  
  186  12:36  Refinery  
  188  12:44  Marine  
  188  12:45  Marine x3  
  188  12:47  Marauder x3, Missile Turret  
  188  12:49  Marauder, Missile Turret x2  
  194  13:02  Marine x3  
  194  13:03  Marine  
  194  13:04  Marine  
  176  13:08  Marauder x3  
  176  13:11  Marauder  
  174  13:13  Missile Turret x2  
  148  13:20  Marine x4  
  148  13:22  Marine  
  135  13:29  Marauder  
  135  13:30  Marauder x2  
  135  13:32  Marauder  
  135  13:33  Thor  
  137  13:35  Missile Turret  
  137  13:36  Missile Turret  
  137  13:38  Marine x4  
  137  13:39  Planetary Fortress  
  137  13:40  Factory, Marine  
  140  13:41  Planetary Fortress  
  140  13:44  Planetary Fortress  
  140  13:47  Refinery  
  140  13:51  Marauder x2, Marine  
  140  13:53  Marine  
  140  13:55  Marine, Viking  
  148  13:56  Marine x3  
  148  13:57  Marine  
  148  14:01  Missile Turret  
  153  14:03  Missile Turret  
  153  14:08  Marine  
  154  14:11  Marine  
  154  14:12  Marine x2  
  154  14:13  Marine  
  154  14:14  Marine  
  154  14:15  Marine, Thor  
  166  14:23  Missile Turret x2  
  166  14:25  Viking  
  166  14:27  Terran Infantry Armor Level 1, Marauder  
  166  14:28  Terran Vehicle Weapons Level 1  
  166  14:29  Marauder, Terran Vehicle And Ship Armor Level 1  
  166  14:30  Marauder x2  
  176  14:34  Marauder  
  178  14:45  Missile Turret  
  153  14:48  Marauder  
  153  14:50  Marauder  
  153  14:51  Marauder  
  153  14:52  Marauder  
  144  14:54  Marine  
  144  14:55  Marauder, Marine x3, Viking  
  145  15:10  Marauder  
  145  15:11  Factory Tech Lab  
  145  15:12  Marauder, Marine x3  
  145  15:13  Marauder x2, Marine  
  157  15:16  Marauder  
  159  15:24  Starport, Factory  
  159  15:25  Starport x2, Viking  
  159  15:26  Factory  
  161  15:30  Marine x4  
  161  15:31  Marauder  
  161  15:33  Marauder  
  161  15:34  Marauder  
  161  15:35  Marauder  
  173  15:38  Marauder  
  153  15:46  Thor x2  
  153  15:48  Marine x4  
  149  15:52  Marauder  
  149  15:54  Marauder  
  149  15:55  Marauder, Viking  
  149  15:56  Marauder  
  159  15:59  Marauder  
  155  16:11  Viking x3  
  157  16:13  Factory  
  157  16:14  Marauder  
  157  16:16  Marauder  
  157  16:17  Marauder x2  
  159  16:21  Marauder  
  159  16:25  Factory Tech Lab x2, Viking  
  159  16:29  Thor  
  159  16:31  Missile Turret  
  165  16:37  Refinery  
  165  16:39  Refinery  
  165  16:40  Viking  
  167  16:47  Refinery  
  167  16:51  Missile Turret  
  164  16:55  Viking  
  163  17:10  Missile Turret  
  162  17:27  Marauder  
  162  17:28  Marauder x4  
  162  17:29  Marine  
  131  17:30  Marine x3  
  131  17:32  Missile Turret  
  131  17:34  Factory Tech Lab  
  125  17:41  Missile Turret  
  125  17:42  Missile Turret x2  
  125  17:43  Missile Turret x2  
  117  17:44  Missile Turret x2  
  117  17:45  Missile Turret  
  117  17:46  Missile Turret  
  117  17:47  Marine x2  
  117  17:48  Marine x2  
  117  17:49  Marauder x4  
  117  17:50  Marauder  
  116  18:05  Marine x2  
Show
View Real Time Build Order
Export as new Build Order

Serious Zerg 

Build Orders: Hatch First 

Get SALT Encoding   

  12  0:03  Drone  
  13  0:12  Overlord  
  13  0:19  Drone  
  14  0:31  Drone x2  
  16  0:40  Drone  
  17  0:54  Hatchery  
  16  0:59  Drone  
  16  1:00  Drone  
  16  1:03  Extractor  
  17  1:18  Spawning Pool  
  16  1:19  Drone  
  16  1:23  Drone  
  18  1:30  Drone  
  19  1:39  Drone  
  20  1:55  Drone  
  21  2:03  Overlord  
  21  2:06  Metabolic Boost  
  21  2:08  Queen x2  
  21  2:12  Zergling x2  
  26  2:15  Zergling x2  
  26  2:20  Overlord  
  27  2:33  Zergling x4  
  29  2:38  Baneling Nest  
  29  2:43  Zergling x4  
  30  2:59  Zergling x6  
  33  3:12  Drone x3  
  36  3:22  Lair  
  36  3:27  Drone  
  36  3:28  Drone x6  
  36  3:33  Baneling x3  
  35  4:17  Zergling x8  
  38  4:28  Roach Warren  
  37  4:34  Queen  
  37  4:37  Evolution Chamber  
  38  4:38  Evolution Chamber  
  37  4:47  Extractor, Baneling x4  
  37  4:52  Drone x7  
  43  4:53  Drone  
  44  5:00  Centrifical Hooks  
  44  5:12  Overlord  
  44  5:13  Overlord x3  
  44  5:19  Hatchery  
  44  5:21  Drone  
  44  5:25  Extractor  
  44  5:27  Extractor  
  42  5:44  Zergling x14  
  48  6:00  Queen  
  50  6:05  Roach x6  
  50  6:10  Baneling x4  
  50  6:11  Baneling x2  
  62  6:24  Spore Crawler  
  62  6:25  Spore Crawler  
  60  6:29  Zerg Melee Weapons Level 1  
  60  6:51  Drone  
  60  6:52  Drone x12  
  73  6:59  Drone  
  73  7:00  Drone x3  
  76  7:18  Overlord x4  
  70  7:29  Zergling x2  
  67  7:30  Zergling x20  
  67  7:32  Queen  
  68  7:38  Spine Crawler  
  68  7:40  Spine Crawler  
  68  7:43  Spine Crawler  
  65  7:47  Zergling x2  
  65  7:48  Zergling x10  
  65  7:51  Baneling x8  
  71  7:52  Baneling x2  
  71  8:02  Drone x5  
  76  8:30  Zergling x28  
  76  8:32  Zerg Melee Weapons Level 2  
  89  8:36  Zerg Ground Armor Level 1  
  89  8:41  Infestation Pit  
  89  8:43  Glial Reconstitution  
  88  8:50  Baneling  
  88  8:51  Baneling x13  
  81  9:16  Zergling x4  
  81  9:17  Zergling x30  
  84  9:28  Drone  
  84  9:29  Drone x5  
  85  9:45  Zergling x2  
  85  9:46  Zergling x6  
  82  9:58  Hatchery  
  76  10:07  Spore Crawler  
  76  10:09  Baneling x2  
  76  10:10  Baneling x6  
  75  10:18  Hive  
  75  10:40  Zergling x10  
  75  10:41  Zergling x16  
  83  10:47  Baneling x13  
  83  11:01  Drone  
  83  11:02  Drone x3  
  87  11:06  Extractor  
  87  11:07  Extractor  
  85  11:14  Zerg Ground Armor Level 2  
  85  11:19  Extractor  
  85  11:21  Drone x8  
  85  11:23  Extractor  
  91  11:37  Overlord x2  
  91  11:39  Overlord x2  
  91  11:41  Drone x10  
  91  11:45  Spore Crawler  
  100  11:51  Ultralisk Cavern  
  99  11:54  Adrenal Glands  
  99  12:09  Zergling x6  
  99  12:10  Zergling x24  
  109  12:21  Zergling x4  
  109  12:22  Zergling x12  
  100  12:32  Baneling x3  
  100  12:33  Baneling x6  
  100  12:34  Baneling x12  
  100  12:35  Baneling x6  
  99  12:38  Chitinous Plating  
  99  12:42  Zerg Melee Weapons Level 3  
  99  12:53  Ultralisk x2  
  111  13:02  Ultralisk  
  102  13:23  Zergling x36  
  120  13:27  Baneling x5  
  120  13:28  Baneling x2  
  120  13:34  Overlord x2  
  120  13:45  Ultralisk  
  126  13:50  Zerg Ground Armor Level 3  
  126  13:57  Anabolic Synthesis  
  115  14:19  Ultralisk  
  115  14:20  Ultralisk x3  
  139  14:26  Baneling  
  139  14:27  Baneling x13  
  139  14:37  Drone x3  
  139  14:38  Drone x3  
  120  15:01  Zergling x2  
  120  15:02  Zergling x36  
  120  15:03  Zergling x10  
  144  15:17  Hatchery  
  143  15:26  Ultralisk  
  149  15:28  Overlord x2  
  149  15:29  Overlord x3  
  149  15:31  Baneling x2  
  149  15:32  Baneling x6  
  149  15:33  Baneling x2  
  149  15:34  Baneling  
  148  15:51  Overseer x3  
  148  15:52  Overseer  
  148  16:05  Evolution Chamber  
  148  16:10  Pneumatized Carapace  
  147  16:23  Baneling  
  147  16:24  Baneling x23  
  147  16:25  Baneling x11  
  159  16:40  Ultralisk x5  
  159  16:44  Overlord x3  
  167  17:17  Zergling x28  
  167  17:18  Zergling x32  
  178  17:33  Zergling x26  
  178  17:34  Zergling x2  
  178  17:37  Overlord  
  178  18:04  Overlord x2  
Show
View Real Time Build Order
Export as new Build Order

ZoinX Protoss 

Build Orders: Carriers 

Get SALT Encoding   

  12  0:01  Probe  
  13  0:13  Probe  
  14  0:21  Pylon  
  14  0:25  Probe  
  15  0:39  Probe  
  15  0:40  Gateway  
  16  0:49  Probe  
  17  0:57  Probe, Assimilator  
  17  1:03  Assimilator  
  18  1:07  Probe  
  19  1:16  Gateway  
  19  1:22  Probe  
  20  1:31  Cybernetics Core  
  20  1:34  Pylon  
  20  1:36  Probe  
  21  1:48  Probe  
  22  1:57  Zealot  
  22  2:00  Probe  
  25  2:11  Warp Gate  
  25  2:12  Probe  
  27  2:30  Probe  
  27  2:33  Pylon  
  26  2:48  Stalker x2  
  27  3:17  Stalker  
  28  3:39  Nexus  
  26  3:56  Probe  
  27  4:04  Probe  
  28  4:10  Pylon  
  28  4:12  Assimilator  
  28  4:14  Probe, Assimilator  
  29  4:22  Forge  
  29  4:26  Probe  
  30  4:38  Probe  
  31  4:53  Probe  
  31  4:55  Probe  
  33  5:06  Stargate  
  33  5:07  Stargate  
  33  5:09  Probe  
  33  5:10  Pylon  
  33  5:12  Probe  
  35  5:21  Probe, Photon Cannon  
  36  5:24  Probe  
  36  5:27  Photon Cannon  
  37  5:35  Zealot  
  37  5:36  Probe  
  34  6:02  Void Ray x2  
  42  6:06  Probe  
  42  6:11  Probe  
  45  6:18  Probe  
  45  6:23  Probe  
  46  6:30  Probe, Protoss Shields Level 1  
  47  6:35  Probe  
  48  6:42  Probe  
  48  6:43  Protoss Air Weapons Level 1  
  49  6:47  Probe  
  50  6:54  Probe  
  50  6:59  Probe  
  52  7:07  Probe  
  53  7:11  Probe  
  54  7:29  Void Ray x2  
  42  7:38  Stalker x2  
  54  8:02  Stargate  
  54  8:03  Stargate  
  54  8:05  Probe x2  
  56  8:06  Pylon  
  56  8:17  Probe x2  
  58  8:25  Void Ray x2  
  66  8:29  Probe x2  
  68  8:38  Stalker  
  68  8:39  Stalker  
  68  8:41  Probe  
  71  9:32  Void Ray  
  71  9:38  Pylon  
  75  9:50  Nexus  
  75  9:52  Pylon  
  75  9:55  Assimilator  
  75  9:56  Void Ray x2  
  75  9:57  Void Ray  
  75  9:59  Assimilator  
  77  10:33  Void Ray  
  81  10:38  Void Ray x2  
  81  10:40  Void Ray  
  93  10:49  Probe  
  94  10:55  Photon Cannon  
  94  11:01  Probe x2, Pylon  
  96  11:06  Pylon  
  96  11:09  Probe  
  97  11:13  Probe x2  
  99  11:22  Probe, Fleet Beacon  
  100  11:25  Probe x2, Twilight Council  
  100  11:26  Protoss Air Armor Level 1  
  100  11:29  Pylon  
  102  11:34  Probe, Pylon  
  102  11:38  Probe x2  
  102  11:39  Pylon  
  105  11:42  Pylon  
  105  11:45  Pylon  
  105  11:46  Probe  
  106  11:48  Pylon  
  106  11:50  Probe x2  
  106  11:51  Protoss Shields Level 2  
  108  11:58  Probe  
  109  12:06  Carrier  
  115  12:11  Carrier  
  117  13:41  Carrier x4  
  133  14:45  Carrier x4  
  157  15:49  Carrier  
  162  17:03  Tempest x2  
  172  18:25  Pylon  
Tags
 
Add a new tag
Caveats
  • Supply blocks, unpowered buildings, or Contaminate may cause inaccurate times.
  • Supply counts are checked every 10 seconds.